 Dungeon Crawl Stone Soup version 0.30-a0-739-gea05faddec (webtiles) character file.

Game seed: 16044709090760835559

35 karrick the Covered (level 3, -3/23 HPs)
             Began as a Gargoyle Fighter on Feb 5, 2023.
             Slain by Sigmund
             ... wielding a +0 scythe
              (6 damage)
             ... on level 2 of the Dungeon.
             The game lasted 00:02:20 (865 turns).

karrick the Covered (Gargoyle Fighter)               Turns: 865, Time: 00:02:21

Health: -3/23      AC: 11    Str: 19    XL:     3   Next: 33%
Magic:  3/3        EV:  9    Int: 14    God:
Gold:   66         SH:  4    Dex: 11    Spells: 2/2 levels left

rFire   . . .      SeeInvis .    a - +0 war axe
rCold   . . .      Faith    .    c - +0 buckler
rNeg    + . .      Spirit   .    b - +0 scale mail
rPois   ∞          Reflect  .    (no helmet)
rElec   +          Harm     .    l - +0 cloak
rCorr   .          Rampage  .    (no gloves)
Will    .....                    (no boots) Stlth
                                 (no amulet)
HPRegen 0.23/turn                i - +6 ring of intelligence
MPRegen 0.08/turn                (no ring)

@: mighty, invisible
A: sickness immunity, AC +3, negative energy resistance 1, electricity
resistance, torment resistance 1, petrification resistance
a: no special abilities


You were on level 2 of the Dungeon.
You visited 1 branch of the dungeon, and saw 2 of its levels.

You collected 66 gold pieces.

Inventory:

Hand Weapons
 a - a +0 war axe (weapon)
Armour
 b - a +0 scale mail (worn)
 c - a +0 buckler (worn)
 l - a +0 cloak (worn)
Jewellery
 i - a +6 ring of intelligence (left hand)
Scrolls
 e - a scroll of identify {unknown}
 f - a scroll of fog {unknown}
 g - a scroll of amnesia {unknown}
Potions
 j - a potion of resistance {unknown}
 k - a potion of flight {unknown}


   Skills:
 + Level 3.6 Fighting
 + Level 2.1 Axes
 * Level 4.0 Armour
 + Level 3.6 Shields


You had 2 spell levels left.
You didn't know any spells.
Your spell library was empty.

Dungeon Overview and Level Annotations

Branches:
Dungeon (2/15)

Altars:

Annotations:
D:2 Sigmund


Innate Abilities, Weirdness & Mutations

You are immune to sickness and miasma.
Your stone body is resilient. (AC +3)
You are immune to poison.
You resist negative energy. (rN+)
You are resistant to electric shocks. (rElec)
You are resistant to unholy torment.
You are immune to petrification.


Message History

You see here a +0 cloak.
l - a +0 cloak You start putting on your armour.
You continue putting on your +0 cloak. x4
You finish putting on your +0 cloak.
HP restored.
Sigmund the Dreaded comes into view.
He is wielding a +0 scythe.
Sigmund shouts!
Sigmund is nearby!
Sigmund is nearby!
Sigmund says, "You will soon forget everything."
Sigmund gestures at you while chanting. The puff of flame hits you.
Sigmund hits you from afar with a +0 scythe!
You are too injured to fight recklessly!
You are too injured to fight recklessly!
You are too injured to fight recklessly!
You are too injured to fight recklessly!
You are too injured to fight recklessly!
You are too injured to fight recklessly!
You are too injured to fight recklessly!
You feel very mighty all of a sudden.
It was a potion of invisibility.
You fade into invisibility!
Sigmund misses you.
Okay, then.
Sigmund hits you with a +0 scythe.
You closely miss Sigmund. Sigmund casts a spell at you.
You are confused.
You miss Sigmund. Sigmund closely misses you.
You bump into the rock wall.
Sigmund barely misses you. Sigmund casts a spell at you.
The magic dart hits you!
* * * LOW HITPOINT WARNING * * *
You feel less confused. Sigmund barely misses you.
You slash Sigmund!
Sigmund is moderately wounded.
Sigmund hits you with a +0 scythe.
You die...

### #...# ..#
#######...#
#.###......#...#
#.#... ........#
#@#.#####.##...#
#@..#...#..+...#
#+...#...#.....###
#....#...#††.......
#....#####.†.#.....
..'..........#.#.....
###..........#.#...†.
#......#+#.#.#.....
#.####.# #.#.#.#'##
#. .# #.#.#.#.#


You could see Sigmund (unable to see you).

Vanquished Creatures
  A worm (D:2)
  A dart slug (D:1)
  6 ball pythons
  4 endoplasms
  A giant cockroach (D:1)
  2 goblins (D:1)
  3 hobgoblins
  2 jackals (D:1)
  A kobold (D:1)
  A bat (D:1)
  2 frilled lizards (D:1)
  4 rats (D:1)
28 creatures vanquished.

Notes
Turn   | Place    | Note
-------+----------+-------------------------------------------
     0 | D:1      | karrick the Gargoyle Fighter began the quest for the Orb.
     0 | D:1      | Reached XP level 1. HP: 14/14 MP: 1/1
   186 | D:1      | Reached XP level 2. HP: 19/19 MP: 2/2
   539 | D:1      | Reached XP level 3. HP: 23/23 MP: 3/3
   810 | D:2      | Reached skill level 4 in Armour
   852 | D:2      | Noticed Sigmund
   865 | D:2      | Slain by Sigmund

Illustrated notes

Levels and vault maps discovered:
D:1:      scummos_arrival_gate, layout_loops_ring
D:2:      minmay_wonky_spiral, layout_basic, minmay_distorted, uniq_terence,
          uniq_sigmund

Skill      XL: |  1  2  3 |
---------------+----------+-----
Armour         | 4 |  4.0
Axes           | 2 |  2.1
Fighting       | |  3.6
Shields        | |  3.6

Action                     || total
---------------------------++-------
  Melee: War axe           ||    81
    Use: Potion            ||     2
 Armour: Scale mail        ||    41
  Dodge: Dodged            ||    38
  Block: Buckler           ||    13

Table legend: (Time is in decaauts)
 A = Elapsed time spent in this place.
 B = Non-inter-level travel time spent in this place.
 C = Inter-level travel time spent in this place.
 D = Time resting spent in this place.
 E = Time spent auto-exploring this place.
 F = Levels seen in this place.
 G = Mean time per level.
                   A        B        C        D        E       F      G
               +--------+--------+--------+--------+--------+-----+--------+
         Total |    900 |    852 |     48 |      0 |    639 |   2 |  450.0 |
       Dungeon |    900 |    852 |     48 |      0 |    639 |   2 |  450.0 |
               +--------+--------+--------+--------+--------+-----+--------+

Top non-repeatable levels by time:
     D:1: 804 daAuts
     D:2: 96 daAuts
